 Dungeon Crawl Stone Soup version 0.28.0-53-g5a82cb258f (webtiles) character file.

Game seed: 10225012041546201517

145 issech the Chopper (level 5, 0/47 HPs)
             Began as a Minotaur Monk on June 17, 2022.
             Splashed by a jelly's acid (1 damage)
             ... on level 4 of the Dungeon.
             The game lasted 00:08:20 (3869 turns).

issech the Chopper (Minotaur Monk)                  Turns: 3869, Time: 00:08:21

Health: 0/47       AC: -5    Str: 15    XL:     5   Next: 6%
Magic:  4/4        EV: 10    Int:  7    God:
Gold:   187        SH:  8    Dex: 15    Spells: 4/4 levels left

rFire   . . .      SeeInvis .   a - +0 hand axe
rCold   . . .      Faith    .   h - +0 kite shield
rNeg    . . .      Spirit   .   t - +0 ring mail
rPois   .          Reflect  .   (helmet restricted)
rElec   .          Harm     .   (no cloak)
rCorr   .          Rampage  .   (no gloves)
Will    .....                   s - +0 pair of boots
Stlth   +.........              (no amulet)
HPRegen 0.15/turn               (no ring)
MPRegen 0.09/turn               (no ring)

@: corroded
A: horns 2, retaliatory headbutt
a: no special abilities


You were on level 4 of the Dungeon.
You visited 1 branch of the dungeon, and saw 4 of its levels.

You collected 187 gold pieces.

Inventory:

Hand Weapons
 a - a +0 hand axe (weapon)
Missiles
 l - 135 stones (quivered)
 m - 41 sling bullets
 n - 55 arrows
 p - 2 poisoned darts
Armour
 b - a +0 robe
 h - a +0 kite shield (worn)
 s - a +0 pair of boots (worn)
 t - a +0 ring mail (worn)
Magical Staves
 k - a staff of earth
Wands
 u - a wand of flame (19)
Scrolls
 c - 3 scrolls of fear {unknown}
 d - a scroll of blinking {unknown}
 f - a scroll of immolation {unknown}
 g - 3 scrolls of identify {unknown}
 o - 2 scrolls of vulnerability {unknown}
 q - a scroll of fog {unknown}
 r - 2 scrolls of teleportation {unknown}
Potions
 e - 2 potions of cancellation {unknown}
 i - a potion of haste {unknown}
 j - 2 potions of heal wounds {unknown}


   Skills:
 + Level 4.7 Fighting
 + Level 5.1 Axes
 + Level 0.8 Armour
 + Level 4.1 Dodging
 + Level 1.9 Stealth
 + Level 1.1 Shields


You had 4 spell levels left.
You didn't know any spells.
Your spell library contained the following spells:

 Spells                   Type           Power      Damage    Failure   Level
 Blink                    Tloc           0%         N/A       99%         2
 Lesser Beckoning         Tloc           0%         N/A       100%        3
 Manifold Assault         Tloc           0%         N/A       100%        5


Dungeon Overview and Level Annotations

Branches:
Dungeon (4/15)
 Temple: D:4-7

Altars:
Ashenzari
Cheibriados
Elyvilon
Okawaru
Sif Muna
Trog


Innate Abilities, Weirdness & Mutations

You have a pair of horns on your head.
You reflexively headbutt those who attack you in melee.


Message History

a +0 short sword; a +0 leather armour
Things that are here:
a +0 short sword; a +0 ring mail; an orc corpse
There is an open door here.
Things that are here:
a +0 club; a +0 leather armour; an orc corpse
There is an open door here.
Things that are here:
a +0 hand axe; a +0 dagger; a ball python corpse
Found an escape hatch in the ceiling.
Found a leather armour.
You now have 187 gold pieces (gained 12).
You see here a +0 leather armour.
There is an escape hatch in the ceiling here.
A mysterious force pulls you upwards. The hatch slams shut behind you.
There is a stone staircase leading down here.
You climb downwards.
There is a stone staircase leading up here.
There is an open door here.
There is an open door here.
Found an iron altar of Okawaru.
A jelly comes into view.
The jelly quivers.
The jelly hits you.
You are splashed with acid!
You hit the jelly. The acid corrodes you!
Your hands burn!
The jelly is moderately wounded.
The jelly hits you. The acid corrodes you!
You are splashed with acid!
You hit the jelly but do no damage.
Your hands burn!
The jelly is moderately wounded.
You block the jelly's attack.
You hit the jelly but do no damage.
Your hands burn!
The jelly is moderately wounded.
The jelly hits you. The acid corrodes you!
You are splashed with acid!
* * * LOW HITPOINT WARNING * * *
The jelly hits you.
* * * LOW HITPOINT WARNING * * *
You are splashed with acid!
* * * LOW HITPOINT WARNING * * *
You hit the jelly but do no damage.
Your hands burn!
You die...

.............#####.......#
.........................#
.........................# ###
##.......................# #_#
.###'########............# ##.#
............######.......# ##...
.................#.......# #..#.
###..............#.......# #.###
.##............J@........# ##.###
.##.....§≈≈≈≈§≈≈§§.......###..._#
..'.....≈.......≈.§......##_....#
..#..§..≈.≈≈≈≈≈§≈§§#########..._#
+#####+§≈.≈...≈....# ##.###
...... .≈.≈._.≈.≈..# #.### ......
§.≈.....≈..# #..#. ......
.≈≈≈≈≈.≈..# ##... ...... ##.#


You could see a jelly.

Vanquished Creatures
  An iguana (D:4)
  5 adders
  2 worms (D:3)
  A dart slug (D:2)
  5 orcs (D:4)
  7 ball pythons
  4 endoplasms
  8 goblins
  4 hobgoblins
  7 jackals
  3 quokkas
  3 bats
  2 frilled lizards
  6 kobolds
  3 rats
61 creatures vanquished.

Notes
Turn   | Place    | Note
-------+----------+-------------------------------------------
     0 | D:1      | issech the Minotaur Monk began the quest for the Orb.
     0 | D:1      | Reached XP level 1. HP: 19/19 MP: 0/0
   333 | D:1      | Reached XP level 2. HP: 24/27 MP: 1/1
   367 | D:1      | Found a faded altar of an unknown god.
   578 | D:1      | Reached skill level 4 in Axes
  1040 | D:2      | Reached XP level 3. HP: 13/33 MP: 2/2
  1623 | D:2      | Found Ajaukhin's Jewellery Shop.
  1881 | D:3      | Found a broken altar of Ashenzari.
  2165 | D:3      | Reached XP level 4. HP: 41/41 MP: 3/3
  3098 | D:4      | Found a faded altar of an unknown god.
  3098 | D:4      | Found a bloodstained altar of Trog.
  3106 | D:4      | Found a snail-covered altar of Cheibriados.
  3109 | D:4      | Found a shimmering blue altar of Sif Muna.
  3111 | D:4      | Found a white marble altar of Elyvilon.
  3324 | D:4      | Reached skill level 5 in Axes
  3324 | D:4      | Reached skill level 1 in Shields
  3658 | D:4      | Reached XP level 5. HP: 45/47 MP: 4/4
  3861 | D:4      | Found an iron altar of Okawaru.
  3868 | D:4      | HP: 1/47 [acid (9)]
  3869 | D:4      | Splashed by a jelly's acid

Illustrated notes

Levels and vault maps discovered:
D:1:      zelgadis_glass_arrival_small, layout_basic,
          ebering_ecumenical_altar_sacrificial
D:2:      layout_basic, serial_shops, nicolae_shop_behind_doors,
          chequers_mini_garden, minmay_cut_off
D:3:      layout_loops_ring, nicolae_ashenzari_panopticon
D:4:      layout_gridville, mainiacjoe_overflow_concentric_impassable,
          chequers_temple_overflow_minitemple

Skill      XL: |  1  2  3  4 |
---------------+-------------+-----
Fighting       | 4 |  4.7
Axes           | 4 5 |  5.1
Dodging        | 4 |  4.1
Shields        | 1 |  1.1
Armour         | |  0.8
Stealth        | |  1.9

Action                   |  1- 3 |  4- 6 || total
-------------------------+-------+-------++-------
Melee: Hand axe          |    65 |    68 ||   133
       Headbutt          |    10 |    17 ||    27
 Stab: Sleeping          |     1 |     2 ||     3
Armor: Robe              |     4 |       ||     4
       Ring mail         |       |    20 ||    20
Dodge: Dodged            |    53 |    30 ||    83
Block: Kite shield       |    19 |    32 ||    51
